 Dungeon Crawl Stone Soup version 0.26.0-16-gc1dbca0489 (webtiles) character file.

Game seed: 1739673815993057436

280602 Gauvater the Warrior (level 21, -7/178 HPs)
             Began as a Formicid Fighter on Jan 17, 2021.
             Was an Initiate of Gozag.
             Mangled by an azure jelly (25 damage)
             ... on level 1 of the Pits of Slime on Jan 18, 2021.
             The game lasted 04:47:45 (44119 turns).

Gauvater the Warrior (Formicid Fighter)            Turns: 44119, Time: 04:47:46

Health: -7/178     AC: 25    Str: 25    XL:     21   Next: 35%
Magic:  21/21      EV: 20    Int: 15    God:    Gozag
Gold:   4575       SH: 25    Dex: 18    Spells: 20/20 levels left

rFire    . . .     SeeInvis +   R - +12 Vampire's Tooth {vamp}
rCold    . . .     Faith    .   f - +3 tower shield
rNeg     . . .     Spirit   .   E - +2 faerie dragon scales {rCorr Int+6}
rPois    .         Reflect  .   (helmet unavailable)
rElec    .         Harm     .   Q - scarf {repulsion}
rCorr    +         Rampage  .   T - +1 pair of gloves {Dex+3}
Will     ++...                  p - +1 pair of boots {Stlth+}
Stlth    +++++++++.             i - amulet of regeneration
HPRegen  0.79/turn              O - ring of the Tortoise {AC+8}
MPRegen  0.17/turn              h - ring of stealth

@: studying 2 skills, repel missiles
A: permanent stasis, dig shafts and tunnels, four strong arms, antennae 3
}: 2/15 runes: decaying, serpentine
a: Dig, Shaft Self, Renounce Religion, Potion Petition, Call Merchant, Bribe
Branch


You were on level 1 of the Pits of Slime.
You worshipped Gozag.
Gozag was most pleased with you.
You visited 8 branches of the dungeon, and saw 36 of its levels.
You also visited: Sewer.

You collected 16180 gold pieces.
You spent 5311 gold pieces at shops.
You paid 6294 gold pieces to Gozag.

Inventory:

Hand Weapons
 B - a +8 battleaxe of flaming
 F - a +9 dagger of holy wrath
 G - the +8 arc blade {discharge, rElec}
   (You found it on level 2 of the Depths)

   It insulates you from electricity.
 R - the +12 Vampire's Tooth (weapon) {vamp}
   (You bought it in a shop on level 4 of the Dungeon)

   It inflicts no extra harm, but heals its wielder when it wounds a living foe.
 V - a +3 antimagic war axe
Missiles
 e - 35 javelins
 r - 20 boomerangs (quivered)
 t - 712 bolts
 v - 5 datura-tipped darts
 w - 77 poisoned darts
 A - 23 curare-tipped darts
 L - 5 atropa-tipped darts
Armour
 b - the +6 scale mail "Iplusot" {rC- Will+++ Str+5 Int-4}
   (You found it on level 5 of the Lair of Beasts)

   It affects your strength (+5).
   It affects your intelligence (-4).
   It makes you vulnerable to cold.
   It affects your willpower, your defense against some magical effects.
 f - a +3 tower shield (worn)
 p - a +1 pair of boots of stealth (worn)
 E - the +2 faerie dragon scales (worn) {rCorr Int+6}
   (You took it off the Enchantress on level 2 of the Depths)

   It affects your intelligence (+6).
   It provides partial protection from all sources of acid and corrosion.
 Q - a scarf of repulsion (worn)
 T - a +1 pair of gloves of dexterity (worn)
Jewellery
 h - a ring of stealth (right hand)
 i - an amulet of regeneration (around neck)
 s - a +4 ring of protection
 N - an uncursed ring of flight
 O - the ring of the Tortoise (left hand) {AC+8}
   (You bought it in a shop on level 2 of the Snake Pit)

   [ring of protection]

   It affects your AC (+8).
Wands
 n - a wand of paralysis (19)
 I - a wand of enslavement (8)
 K - a wand of flame (88)
 S - a wand of disintegration (12)
 X - a wand of polymorph (5)
 Y - a wand of acid (26)
 Z - a wand of iceblast (20)
Scrolls
 c - a scroll of silence
 o - 12 scrolls of identify
 q - 4 scrolls of fog
 u - 9 scrolls of magic mapping
 y - 21 scrolls of remove curse
 H - a scroll of summoning
 U - 3 scrolls of immolation
 W - 3 scrolls of torment
Potions
 g - 4 potions of mutation
 k - 3 potions of heal wounds
 l - 2 potions of resistance
 m - 4 potions of invisibility
 x - 5 potions of flight
 z - 17 potions of curing
 C - 7 potions of lignification
 D - 6 potions of might
Books
 a - a manual of Axes
 J - a manual of Short Blades
Miscellaneous
 d - a condenser vane
 j - a phial of floods


   Skills:
 * Level 18.6 Fighting
 + Level 10.4(10.5) Short Blades
 - Level 1.3(6.7) Long Blades
 * Level 9.2 Axes
 * Level 10.0 Throwing
 * Level 16.0 Armour
 + Level 10.7 Dodging
 + Level 17.9 Stealth
 + Level 17.0 Shields
 * Level 9.8 Evocations


You had 20 spell levels left.
You didn't know any spells.
Your spell library contained the following spells:

 Spells                   Type           Power        Failure   Level
 Corona                   Hex            0%           30%         1
 Magic Dart               Conj           0%           30%         1
 Sandblast                Erth           0%           30%         1
 Shock                    Conj/Air       0%           30%         1
 Summon Small Mammal      Summ           0%           30%         1
 Call Imp                 Summ           0%           43%         2
 Ensorcelled Hibernation  Hex/Ice        0%           43%         2
 Passwall                 Tmut/Erth      0%           43%         2
 Poisonous Vapours        Pois/Air       0%           43%         2
 Searing Ray              Conj           0%           43%         2
 Call Canine Familiar     Summ           0%           67%         3
 Confusing Touch          Hex            0%           67%         3
 Conjure Flame            Conj/Fire      0%           67%         3
 Dazzling Flash           Conj/Hex       0%           67%         3
 Gell's Gravitas          Tloc           0%           67%         3
 Ignite Poison            Fire/Tmut/Pois 0%           67%         3
 Mephitic Cloud           Conj/Pois/Air  0%           67%         3
 Static Discharge         Conj/Air       0%           67%         3
 Stone Arrow              Conj/Erth      0%           67%         3
 Summon Guardian Golem    Hex/Summ       0%           67%         3
 Tukima's Dance           Hex            0%           67%         3
 Airstrike                Air            0%           97%         4
 Fulminant Prism          Conj/Hex       0%           97%         4
 Iskenderun's Mystic Bla  Conj/Tloc      0%           97%         4
 Leda's Liquefaction      Hex/Erth       0%           97%         4
 Petrify                  Tmut/Erth      0%           97%         4
 Summon Ice Beast         Ice/Summ       0%           97%         4
 Summon Lightning Spire   Summ/Air       0%           97%         4
 Bolt of Magma            Conj/Fire/Erth 0%           100%        5
 Fireball                 Conj/Fire      0%           100%        5
 Iskenderun's Battlesphe  Conj           0%           100%        5
 Lee's Rapid Deconstruct  Erth           0%           100%        5
 Lightning Bolt           Conj/Air       0%           100%        5
 Metabolic Englaciation   Hex/Ice        0%           100%        5
 Silence                  Hex/Air        0%           100%        5
 Yara's Violent Unravell  Hex/Tmut       0%           100%        5
 Conjure Ball Lightning   Conj/Air       0%           100%        6
 Freezing Cloud           Conj/Ice/Air   0%           100%        6
 Iron Shot                Conj/Erth      0%           100%        6
 Starburst                Conj/Fire      0%           100%        6
 Statue Form              Tmut/Erth      0%           100%        6
 Orb of Destruction       Conj           0%           100%        7
 Spellforged Servitor     Conj/Summ      0%           100%        7
 Ignition                 Fire           0%           100%        8
 Shatter                  Erth           0%           100%        9
 Tornado                  Air            0%           100%        9
 Swiftness                Air            Unusable     N/A         2

Dungeon Overview and Level Annotations

Branches:
Dungeon (15/15)            Temple (1/1) D:5            Lair (6/6) D:8
  Swamp (4/4) Lair:2        Snake (4/4) Lair:2        Slime (2/5) Lair:6
    Orc (2/2) D:11            Elf (0/3) Orc:2        Vaults (0/5) D:14
 Depths (2/5) D:15          Sewer (visited)

Altars:
Ashenzari
Cheibriados
Dithmenos
Elyvilon
Fedhas
Gozag
Hepliaklqana
Kikubaaqudgha
Makhleb
Nemelex Xobeh
Okawaru
Qazlal
Ru
Sif Muna
Trog
Uskayaw
Vehumet
Wu Jian
Xom
Yredelemnul
Zin
The Shining One
Beogh
Jiyva
Lugonu

Shops:
D:4 (?*(   D:5 *   D:13 *   Orc:2 ?(!:   Snake:1 !=[   Snake:2 =}}   Snake:3 ((
Snake:4 *   Depths:1 *   Depths:2 [

Portals:
Hell: Depths:1 Depths:2
Abyss: Swamp:1 Depths:1 Depths:2
Pandemonium: Depths:2

Annotations:
D:6 2 transporters, P0WERM0DE's ghost, novice OpCK
D:8 1 runed translucent door, mojasp's ghost, novice NaWn
D:13 3 runed translucent doors, Gnirx's ghost, journeyman MiBe
Depths:2 exclusion: obsidian statue


Innate Abilities, Weirdness & Mutations

You cannot be hasted, slowed, berserked, paralysed or teleported.
You can dig through walls and to a lower floor.
Your four strong arms can wield two-handed weapons with a shield.
You have a pair of large antennae on your head. (SInv)


Message History

You cannot move. (Use ctrl+direction or * direction to attack without moving.)
You cannot move. (Use ctrl+direction or * direction to attack without moving.)
You cannot move. (Use ctrl+direction or * direction to attack without moving.)
Your magical effects are unravelling.
You feel magically purged.
You feel less wooden.
Your scarf of repulsion unmelds from your body.
Your +1 pair of gloves of dexterity unmelds from your body.
Your +1 pair of boots of stealth unmelds from your body.
The +2 faerie dragon scales {rCorr Int+6} unmelds from your body.
You are surrounded by a repulsion field.
You feel agile.
You feel stealthy.
You feel less confused.
You feel a little less mighty now.
Your resistance to elements expires.
You are no longer corroded.
You block the acid blob's attack. The azure jelly hits you.
* * * LOW HITPOINT WARNING * * *
The azure jelly freezes you!!
You die...
Your body crumbles into a pile of gold.

##...##.....## .. .
#............# ... ..
#...........##....#. ##
...##.....................##
#.#...................#....#
.#......<........#....#.....
#......$.............^......
#.......#..GJ...............
##.........@>...............
...........$J...............
#...........................
......#.....................
............................
.................#........#.
..............#........#
........................
.......^...........#.#


You could see an acid blob, an azure jelly and a golden eye.

Vanquished Creatures
  Vashnia (Snake:3)
  the Enchantress (Depths:2)
  A tentacled monstrosity (Swamp:3)
  3 acid blobs (Slime:1)
  Kirke (Lair:6)
  11 nagarajas
  A storm dragon (Depths:1)
  2 fire giants
  Aizul (Swamp:2)
  An orc warlord (Orc:2)
  The ghost of Burana the Fighter, a journeyman DsWr of Cheibriados (Lair:6)
  3 spriggan defenders (Depths:2)
  4 stone giants
  A very ugly thing (Depths:2)
  Azrael (D:15)
  3 bunyips
  A minotaur (Lair:6)
  2 eleionomae
  5 ettins
  A fire dragon (Depths:1)
  2 shambling mangroves
  22 naga warriors
  2 great orbs of eyes (Depths:1)
  A vault guard (D:14)
  2 ice dragons
  3 ghost crabs
  11 anacondas
  3 boulder beetles
  Erica (D:8)
  A catoblepas (D:14)
  A spriggan air mage (Depths:2)
  7 alligators
  24 hydras
  A hell beast (Depths:2)
  6 centaur warriors
  11 two-headed ogres
  A death knight (D:13)
  18 naga sharpshooters
  5 ogre magi
  A deep troll shaman (Depths:1)
  2 tengu warriors (D:13)
  5 hell knights (Depths:2)
  10 death yaks
  9 shock serpents
  Nergalle (Lair:3)
  3 sixfirhies
  A salamander mystic (Snake:3)
  2 skeletal warriors
  An iron troll (Depths:2)
  2 unseen horrors
  5 goliath frogs
  3 spriggan druids
  3 deep trolls (Depths:1)
  2 glowing orange brains
  5 naga ritualists
  6 bog bodies
  2 flayed ghosts
  9 swamp dragons
  A necromancer (D:15)
  2 lindwurms (Lair:6)
  9 mana vipers
  2 orc knights
  3 wolf spiders
  8 salamanders
  A deep elf mage (D:14)
  2 manticores (D:14)
  5 will-o-the-wisps
  4 cyclopes
  22 ugly things
  7 orc sorcerers (Orc:2)
  A fire giant skeleton (D:15)
  31 elephants
  6 guardian serpents
  15 naga magi
  3 gargoyles
  46 black mambas
  8 torpor snails
  A spriggan zombie (D:15)
  26 cane toads
  10 yaktaurs
  An efreet (D:13)
  A rime drake (Lair:2)
  3 kobold demonologists
  4 freezing wraiths
  12 komodo dragons
  A guardian mummy (D:15)
  A tengu conjurer (D:13)
  A red devil (Depths:2)
  7 trolls
  14 tyrant leeches
  A deep troll zombie (D:15)
  2 polar bears
  A fire dragon zombie (D:15)
  16 hornets
  13 blink frogs
  13 slime creatures
  2 raiju
  4 dream sheep (Lair:5)
  6 flying skulls (Depths:2)
  A shadow (D:13)
  11 spriggans
  2 wraiths
  26 yaks
  3 redbacks (Lair:6)
  20 wyverns
  2 vampires (D:14)
  6 hogs (Lair:6)
  A golden eye (shapeshifter) (D:15)
  4 golden eyes
  A steam dragon (D:12)
  A fire elemental (D:15)
  6 vampire mosquitoes (Swamp:1)
  11 swamp worms
  2 acid dragons (D:14)
  30 water moccasins
  76 nagas
  A soldier ant (D:12)
  4 wargs
  3 hell hounds (D:15)
  3 swamp drakes
  8 ice beasts
  5 sky beasts
  18 orc warriors
  3 phantoms
  3 black bears
  A necrophage (D:15)
  13 ogres
  18 wolves
  2 eyes of draining
  7 boggarts (Depths:1)
  30 centaurs
  2 big kobolds
  17 bullfrogs
  A wyvern zombie (D:11)
  3 scorpions (D:11)
  18 wights
  12 killer bees
  3 electric eels (Lair:4)
  3 howler monkeys (D:14)
  4 centaur zombies
  6 hounds
  3 bullfrog zombies
  5 jellies
  A quasit (Depths:2)
  An iron imp (Depths:2)
  4 bullfrog skeletons
  8 orc priests
  27 orc wizards
  8 centaur skeletons
  7 worker ants
  A killer bee zombie (D:8)
  14 adders
  7 gnolls
  A howler monkey skeleton (D:6)
  2 shadow imps
  2 white imps
  An ufetubus (D:10)
  5 oozes
  An adder zombie (D:5)
  2 worms (D:2)
  A dart slug (D:1)
  11 leopard geckos
  79 orcs
  4 ball pythons
  9 giant cockroaches
  9 goblins
  11 hobgoblins
  11 jackals
  35 kobolds
  3 quokkas
  12 bats
  6 frilled lizards
  A jackal skeleton (D:5)
  A quokka skeleton (D:5)
  8 rats
  A lurking horror (Swamp:1)
1248 creatures vanquished.

Vanquished Creatures (collateral kills)
  A shambling mangrove (Swamp:4)
  4 hydras (Swamp:4)
  4 swamp dragons (Swamp:4)
  A hornet (Swamp:4)
  6 swamp drakes (Swamp:4)
16 creatures vanquished.

Vanquished Creatures (others)
  A spriggan (Swamp:1)
  A hornet (Swamp:1)
  4 bloated husks
  A boggart (Depths:1)
  2 orcs
  25 foxfires
  79 fungi
  151 plants
  4 toadstools (D:6)
  7 withered plants (D:15)
275 creatures vanquished.

Grand Total: 1539 creatures vanquished

Notes
Turn   | Place    | Note
-------+----------+-------------------------------------------
     0 | D:1      | Gauvater the Formicid Fighter began the quest for the Orb.
     0 | D:1      | Reached XP level 1. HP: 18/18 MP: 1/1
    92 | D:1      | Reached XP level 2. HP: 18/24 MP: 2/2
   329 | D:1      | Reached XP level 3. HP: 29/29 MP: 3/3
   872 | D:2      | Found a glowing golden altar of the Shining One.
   897 | D:2      | Reached XP level 4. HP: 34/37 MP: 4/4
  1304 | D:2      | Reached skill level 4 in Fighting
  1304 | D:2      | Reached XP level 5. HP: 30/42 MP: 5/5
  1852 | D:3      | Found a glowing drain.
  1879 | Sewer    | Entered a sewer
  2329 | Sewer    | Reached XP level 6. HP: 42/48 MP: 6/6
  2760 | D:3      | Found a bloodstained altar of Trog.
  2760 | D:3      | Found an ornate altar of the Wu Jian Council.
  3540 | D:4      | Found Feadoala's Weapon Emporium.
  3574 | D:4      | Bought 3 javelins for 33 gold pieces
  3661 | D:4      | Found Pathrummo's Magic Scroll Shoppe.
  3667 | D:4      | Bought a scroll of fear for 45 gold pieces
  3667 | D:4      | Bought a scroll of magic mapping for 45 gold pieces
  3667 | D:4      | Bought a scroll of identify for 26 gold pieces
  3667 | D:4      | Bought a scroll of identify for 26 gold pieces
  3667 | D:4      | Bought a scroll of remove curse for 39 gold pieces
  3692 | D:4      | Reached skill level 5 in Shields
  3967 | D:4      | Reached XP level 7. HP: 52/55 MP: 7/7
  4017 | D:4      | Found Emiyzuf's Assorted Antiques.
  4077 | D:4      | Found Tiafrag's Weapon Shop.
  4111 | D:4      | Reached skill level 5 in Fighting
  4111 | D:4      | Reached skill level 1 in Dodging
  4205 | D:4      | Reached skill level 5 in Axes
  4793 | D:5      | Entered Level 5 of the Dungeon
  4917 | D:5      | Reached XP level 8. HP: 64/64 MP: 8/8
  4938 | D:5      | Reached skill level 5 in Armour
  5023 | D:5      | Reached skill level 1 in Throwing
  5104 | D:5      | Found a staircase to the Ecumenical Temple.
  5111 | D:5      | Found Xutif's Assorted Antiques.
  5151 | Temple   | Entered the Ecumenical Temple
  5359 | D:5      | Reached skill level 6 in Fighting
  5645 | D:5      | Found an iron altar of Okawaru.
  5645 | D:5      | Found a faded altar of an unknown god.
  5650 | D:5      | Found a sparkling altar of Nemelex Xobeh.
  5652 | D:5      | Found a hide-covered altar of Uskayaw.
  5653 | D:5      | Found a hazy altar of Hepliaklqana.
  5723 | Temple   | Became a worshipper of Gozag Ym Sagoz the Greedy
  5769 | D:6      | Found the +2 hood of the Assassin {Detection Stab+ Stlth++}
  5823 | D:6      | Reached skill level 1 in Stealth
  5833 | D:6      | Found a transporter.
  5836 | D:6      | Noticed P0WERM0DE's ghost (novice OpCK)
  5862 | D:6      | Reached skill level 1 in Short Blades
  5980 | D:6      | Reached XP level 9. HP: 70/70 MP: 9/9
  6160 | D:6      | Found a transporter.
  6265 | D:6      | Found a sacrificial altar of Ru.
  6533 | D:7      | Found a blossoming altar of Fedhas.
  6670 | D:7      | Reached skill level 7 in Fighting
  7540 | D:8      | Found a runed translucent door.
  7565 | D:8      | Noticed mojasp's ghost (novice NaWn)
  7566 | D:8      | Noticed a polar bear
  7568 | D:8      | Identified the +10 spear "Osuc" {vorpal, Dex+2 SInv Stlth+}
  7963 | D:8      | Noticed Erica
  7998 | D:8      | Killed Erica
  7999 | D:8      | Reached skill level 5 in Stealth
  7999 | D:8      | Reached XP level 10. HP: 52/80 MP: 10/10
  8163 | D:8      | Found a staircase to the Lair.
  8182 | D:8      | Noticed a two-headed ogre
  8325 | D:8      | Reached skill level 8 in Fighting
  9124 | D:8      | Killed a two-headed ogre
  9125 | D:8      | Reached skill level 5 in Short Blades
  9630 | D:9      | Found a stormy altar of Qazlal.
 10113 | D:4      | Bought the +12 Vampire's Tooth {vamp} for 840 gold pieces
 10113 | D:4      | Found the +12 Vampire's Tooth {vamp}
 10357 | D:9      | Reached XP level 11. HP: 87/87 MP: 11/11
 10473 | D:9      | Found a radiant altar of Vehumet.
 10611 | D:10     | Entered Level 10 of the Dungeon
 10691 | D:10     | Noticed a two-headed ogre
 10704 | D:10     | Killed a two-headed ogre
 10705 | D:10     | Reached skill level 9 in Fighting
 11420 | D:11     | Found a staircase to the Orcish Mines.
 11440 | D:11     | Noticed a cyclops
 11474 | D:11     | Killed a cyclops
 11568 | D:11     | Noticed a seven-headed hydra
 11595 | D:11     | Killed a three-headed hydra
 11990 | D:11     | Reached skill level 1 in Long Blades
 12045 | D:11     | Noticed a green ugly thing
 12075 | D:11     | Killed a green ugly thing
 12089 | D:11     | Reached XP level 12. HP: 88/97 MP: 12/12
 12344 | D:11     | Reached skill level 10 in Fighting
 12647 | D:12     | Noticed an unseen horror
 12662 | D:12     | Killed an unseen horror
 12725 | D:12     | Noticed a seven-headed hydra
 12731 | D:12     | Killed a seven-headed hydra
 13282 | D:12     | Noticed a two-headed ogre
 13291 | D:12     | Killed a two-headed ogre
 13644 | D:13     | Noticed a centaur warrior
 13646 | D:13     | Killed a centaur warrior
 13647 | D:13     | Reached skill level 11 in Fighting
 13660 | D:13     | Noticed a skeletal warrior
 13661 | D:13     | Noticed a death knight
 13690 | D:13     | Killed a skeletal warrior
 13708 | D:13     | Killed a death knight
 13709 | D:13     | Reached skill level 10 in Stealth
 13720 | D:13     | Reached XP level 13. HP: 104/106 MP: 13/13
 13938 | D:13     | Bought a transparent leather armour for 259 gold pieces
 13948 | D:13     | Identified the +6 leather armour of Oluludwo {rCorr Str+2
                  | Dex-2} (You bought it in a shop on level 13 of the Dungeon)
 13970 | D:13     | Noticed a centaur warrior
 13999 | D:13     | Killed a centaur warrior
 14056 | D:13     | Identified the +1 chain mail "Necsamokk" {rCorr Int+4
                  | Slay-3}
 14109 | D:13     | Found a runed translucent gate.
 14109 | D:13     | Found a runed translucent gate.
 14109 | D:13     | Found a runed translucent gate.
 14338 | D:13     | Reached skill level 10 in Short Blades
 14407 | D:13     | Noticed Gnirx's ghost (journeyman MiBe)
 14475 | D:13     | Reached skill level 12 in Fighting
 14483 | D:13     | Noticed a centaur warrior
 14508 | D:13     | Killed a centaur warrior
 14641 | D:13     | Found a glowing golden altar of the Shining One.
 14968 | D:14     | Noticed a catoblepas
 14972 | D:14     | Killed a catoblepas
 15440 | D:14     | Reached skill level 5 in Dodging
 15496 | D:14     | Reached skill level 13 in Fighting
 15546 | D:14     | Noticed an angel
 15547 | D:14     | Found a glowing silver altar of Zin.
 15691 | D:14     | Reached XP level 14. HP: 118/118 MP: 14/14
 15820 | D:14     | Reached skill level 10 in Shields
 16219 | D:14     | Found a gate to the Vaults.
 16418 | D:15     | Entered Level 15 of the Dungeon
 16843 | D:15     | Reached skill level 14 in Fighting
 16852 | D:15     | Reached skill level 5 in Throwing
 16897 | D:15     | Found a staircase to the Depths.
 17197 | D:15     | Reached skill level 10 in Armour
 17449 | D:15     | Noticed Azrael
 17488 | D:15     | Killed Azrael
 17779 | Lair:1   | Entered Level 1 of the Lair of Beasts
 18675 | Orc:1    | Entered Level 1 of the Orcish Mines
 18760 | Orc:1    | Reached XP level 15. HP: 127/127 MP: 15/15
 19061 | Orc:1    | Found a roughly hewn altar of Beogh.
 19401 | Orc:2    | Entered Level 2 of the Orcish Mines
 19453 | Orc:2    | Found a staircase to the Elven Halls.
 19680 | Orc:2    | Noticed an orc warlord
 19711 | Orc:2    | Killed an orc warlord
 20124 | Orc:2    | Found an ancient bone altar of Kikubaaqudgha.
 20323 | Orc:2    | Found a roughly hewn altar of Beogh.
 20323 | Orc:2    | Found Haveaf's Distillery.
 20349 | Orc:2    | Reached skill level 15 in Fighting
 20382 | Orc:2    | Found Vyduhat's Antique Weapon Boutique.
 20408 | Orc:2    | Found Lygruh's Magic Scroll Boutique.
 20426 | Orc:2    | Bought a potion of heal wounds for 65 gold pieces
 20426 | Orc:2    | Bought a potion of invisibility for 104 gold pieces
 20450 | Orc:2    | Found a radiant altar of Vehumet.
 20470 | Orc:2    | Found Hodarhur's Book Shop.
 20803 | Lair:2   | Found a staircase to the Snake Pit.
 20891 | Lair:2   | Found a staircase to the Swamp.
 22280 | Lair:3   | Noticed Nergalle
 22287 | Lair:3   | Killed Nergalle
 22502 | Lair:3   | Reached skill level 15 in Stealth
 23015 | Lair:4   | Reached XP level 16. HP: 125/136 MP: 16/16
 23764 | Lair:4   | Reached skill level 1 in Evocations
 24904 | Lair:5   | Reached skill level 16 in Fighting
 25144 | Lair:5   | Got a crude scale mail
 25154 | Lair:5   | Identified the +6 scale mail "Iplusot" {rC- Will+++ Str+5
                  | Int-4} (You found it on level 5 of the Lair of Beasts)
 25319 | Lair:6   | Entered Level 6 of the Lair of Beasts
 25319 | Lair:6   | Found a runed translucent gate.
 25319 | Lair:6   | Found a runed translucent gate.
 25319 | Lair:6   | Found a runed translucent gate.
 25490 | Lair:6   | Noticed Burana's ghost (journeyman DsWr)
 25503 | Lair:6   | Found a viscous altar of Jiyva.
 25504 | Lair:6   | Found a staircase to the Slime Pits.
 25692 | Lair:6   | Noticed Kirke
 25711 | Lair:6   | Noticed a sphinx
 25805 | Lair:6   | Killed Kirke
 26037 | Lair:6   | Reached XP level 17. HP: 144/144 MP: 17/17
 26248 | Lair:6   | Found a runed translucent door.
 27684 | Lair:6   | Killed Burana's ghost
 27707 | Lair:6   | Reached skill level 5 in Evocations
 27910 | Swamp:1  | Entered Level 1 of the Swamp
 28849 | Swamp:1  | Found a one-way gate to the infinite horrors of the Abyss.
 28851 | Swamp:1  | Found a corrupted altar of Lugonu.
 29483 | Swamp:2  | Noticed Aizul
 29548 | Swamp:2  | Killed Aizul
 30381 | Swamp:3  | Noticed a tentacled monstrosity
 30997 | Swamp:3  | Reached XP level 18. HP: 147/153 MP: 18/18
 31032 | Swamp:3  | Killed a tentacled monstrosity
 31389 | Swamp:4  | Entered Level 4 of the Swamp
 31614 | Swamp:4  | Reached skill level 17 in Fighting
 31718 | Swamp:4  | Got a decaying rune of Zot
 32757 | Snake:1  | Entered Level 1 of the Snake Pit
 33478 | Snake:1  | Found Ciwamorch's Antique Armour Shop.
 33480 | Snake:1  | Found Himn's Jewellery Boutique.
 33482 | Snake:1  | Found Bides's Distillery.
 33486 | Snake:1  | Bought a shimmering chain mail for 247 gold pieces
 33496 | Snake:1  | Identified the +2 chain mail "Putwih" {rElec} (You bought
                  | it in a shop on level 1 of the Snake Pit)
 33509 | Snake:1  | Bought an uncursed ring of stealth for 280 gold pieces
 33514 | Snake:1  | Bought a potion of might for 80 gold pieces
 33514 | Snake:1  | Bought a potion of might for 80 gold pieces
 33514 | Snake:1  | Bought a potion of might for 80 gold pieces
 33514 | Snake:1  | Bought a potion of might for 80 gold pieces
 33514 | Snake:1  | Bought a potion of heal wounds for 100 gold pieces
 34155 | Snake:2  | Reached skill level 15 in Shields
 34644 | Snake:2  | Reached XP level 19. HP: 161/161 MP: 19/19
 35133 | Snake:2  | Found Oro Dill's Gadget Emporium.
 35134 | Snake:2  | Found Vuomics's Jewellery Shop.
 35136 | Snake:2  | Found Icutygau's Gadget Emporium.
 35143 | Snake:2  | Bought the ring of the Tortoise {AC+8} for 1920 gold pieces
 35143 | Snake:2  | Found the ring of the Tortoise {AC+8}
 35817 | Snake:3  | Reached skill level 10 in Dodging
 36063 | Snake:3  | Noticed Vashnia
 36064 | Snake:3  | Found Uhak's Antique Weapon Emporium.
 36064 | Snake:3  | Found Dithroakk's Antique Weapon Shoppe.
 36251 | Snake:3  | Killed Vashnia
 36464 | Snake:3  | Reached skill level 15 in Armour
 36916 | Snake:3  | Got a twisted mace
 36917 | Snake:3  | Identified the +0 mace of the Lusting Badger {vorpal, rC+}
                  | (You found it on level 3 of the Snake Pit)
 37637 | Snake:4  | Entered Level 4 of the Snake Pit
 38001 | Snake:4  | Found Voim's General Store.
 38014 | Snake:4  | Bought a scroll of fog for 26 gold pieces
 38573 | Snake:4  | Reached XP level 20. HP: 167/170 MP: 20/20
 38940 | Snake:4  | Reached skill level 18 in Fighting
 39970 | Snake:4  | Got a serpentine rune of Zot
 40588 | Depths:1 | Entered Level 1 of the Depths
 40620 | Depths:1 | You fall into a shaft and drop 1 floor!
 40677 | Depths:2 | Noticed the Enchantress
 40856 | Depths:2 | Killed the Enchantress
 41275 | Depths:1 | You fall into a shaft and drop 1 floor!
 41472 | Depths:1 | Found a gateway to Hell.
 42017 | Depths:1 | Found Edoecruo's Serpentskin Sales.
 42095 | Depths:1 | Reached XP level 21. HP: 178/178 MP: 21/21
 42592 | Depths:2 | Found the +8 arc blade {discharge, rElec}
 42610 | Depths:2 | Identified a scroll of acquirement
 42611 | Depths:2 | Acquired a manual of Axes
 42827 | Depths:2 | Found a one-way gate leading to the halls of Pandemonium.
 43564 | Depths:2 | Bought a +3 plate armour of willpower for 540 gold pieces
 43564 | Depths:2 | Bought a +1 pair of gloves of dexterity for 198 gold pieces
 43564 | Depths:2 | Bought a +1 pair of boots of stealth for 198 gold pieces
 43927 | Slime:1  | Entered Level 1 of the Pits of Slime
 44057 | Slime:1  | Reached skill level 10 in Throwing
 44119 | Slime:1  | Mangled by an azure jelly

Illustrated notes

Levels and vault maps discovered:
D:1:      minmay_arrival_five_plusses, layout_loops_ring
D:2:      layout_basic, lemuel_crystal_altar
D:3:      layout_loops_corners, gammafunk_temple_overflow_statue,
          gup_sewer_entry_pipe
D:4:      layout_loops_corners, serial_aquarium, aquarium_bridge_island_large
          [aquarium_subvault_large_open, aquarium_subvault_bridge,
          aquarium_subvault_window, aquarium_subvault_balcony,
          aquarium_subvault_window], aquarium_bridge_square
          [aquarium_subvault_window, aquarium_subvault_bridge,
          aquarium_subvault_window, aquarium_subvault_wall], aquarium_window_2,
          aquarium_window_2, aquarium_view_4, aquarium_balcony_3a, serial_shops,
          nicolae_shop_statue_plus, shop, shop, shop, grunt_ministairs_8
D:5:      layout_cave_pools, chequers_temple_overflow_minitemple,
          minmay_temple_entry_hall, serial_shops, nicolae_shop_window_shopping,
          hangedman_abyss_or_decor_lesser_grid, minmay_crystal_room,
          item_on_display_a
D:6:      layout_basic, gammafunk_ghost_stat_death, minmay_gold_behind_fungi,
          minmay_liquid_box, nicolae_ru_path_of_blood
D:7:      layout_basic, basic_altar
D:8:      layout_basic, due_lair_maze_entry_diamond,
          ebering_ghost_funeral_grove, minmay_misc_feat_columns, uniq_erica
D:9:      layout_basic, general_overflow_altar, nicolae_qazlal_general_emergency
D:10:     layout_irregular_city
D:11:     layout_loops_cross, david_orc_2
D:12:     layout_roguey
D:13:     layout_roguey, gammafunk_ghost_spectres, minivault_23,
          nicolae_tso_swordbearing_angel
D:14:     layout_small_grid, david_vaults_5, zin_angel,
          minmay_hollow_rounded_squares
D:15:     gammafunk_depths_entry_grave, layout_long_grid,
          chequers_serial_rivers_micro_e, roderic_roman_lattice, uniq_azrael
Temple:   cyrus_circular_temple
Lair:1:   layout_cave_shapes, serial_bayou_shore_b, grunt_megastairs_4
Lair:2:   layout_regular_city, swamp_mist_pool, guppyfry_snake_entry_garden
Lair:3:   nzn_winding_woodlands_stair_cross [nzn_winding_woodlands_5x15_default,
          nzn_winding_woodlands_center_diamonds,
          nzn_winding_woodlands_5x15_sawtooth, nzn_winding_woodlands_hourglass,
          nzn_winding_woodlands_5x5_cross,
          nzn_winding_woodlands_5x15_split_checker,
          nzn_winding_woodlands_center_pierced_h,
          nzn_winding_woodlands_5x15_sidewinder], layout_chaotic_city,
          fungi_pond_lemuel, uniq_nergalle
Lair:4:   layout_gridlike, serial_bayou, serial_bayou_lagoon_a,
          serial_bayou_crossing, serial_bayou_shore_a, serial_bayou_ford_a,
          lemuel_fruit_tree
Lair:5:   layout_hall_layers, serial_rivers, chequers_serial_rivers_micro_c,
          chequers_serial_rivers_micro_b, chequers_serial_rivers_small_a,
          chequers_serial_rivers_micro_d, chequers_serial_rivers_small_3,
          chequers_serial_rivers_micro_e, grunt_megastairs_5
Lair:6:   hangedman_lair_tendril_chambers, layout_small_grid, wormcave,
          slime_altar_1, maelrawn_ghost_gauntlet_escape, uniq_kirke
Swamp:1:  layout_basic_swamp, evilmike_swamp_ruin_house_6, swamp_pool2,
          ldierk_geyser, hangedman_swamp_blocks,
          amcnicky_altar_lugonu_corruption
Swamp:2:  layout_basic_swamp, nicolae_swamp_trees_clearing, swamp_pool2,
          infiniplex_staircase_pool_2, uniq_aizul
Swamp:3:  layout_falls_marsh, nicolae_swamp_feature_on_the_river_bank
Swamp:4:  swamp, layout_basic_swamp, swamp_pool1, evilmike_swamp_ruin_house_5
Snake:1:  layout_onion, drop_trap, minmay_shop_star
Snake:2:  layout_layer_cave, minmay_shop_grove, serial_bayou_shore_b
Snake:3:  layout_layer_cave, evilmike_ambush [evilmike_ambush_outer_basic,
          evilmike_ambush_inner_cross], minmay_shoptagon, serial_bayou_shore_b,
          grunt_megastairs_1, uniq_vashnia
Snake:4:  minmay_snake_end_coiled, layout_rooms, serial_shops,
          nicolae_shop_waterfront, serial_bayou_shore_b
Slime:1:  layout_caves
Slime:2:  layout_caves, uniq_dissolution
Orc:1:    layout_caves, amcnicky_altar_gilded
Orc:2:    kennysheep_orc_mage_school, layout_diamond_mine
Depths:1: layout_big_octagon, patterned_corridor, abyss_entry_small_statue_room,
          hell_entry, st_stairs_5, guppyfry_shop_venom, serial_bayou_shore_b,
          grunt_megastairs_3
Depths:2: minmay_shoctagon, layout_gridlike, grunt_mini_vestibule, abyss_entry,
          rand_demon_pan_entry_4, minmay_tree_intersection,
          hangedman_devilish_allure, minmay_staircase_statues, uniq_enchantress

Skill      XL: |  1  2  3  4  5  6  7  8  9 10 11 12 13 14 15 16 17 18 19 20 21 |
---------------+----------------------------------------------------------------+-----
Shields        | 4 5 7 8 9 10 11 13 14 15 16 17 | 17.0
Axes           | 3 4 5 6 7 8 9 |  9.2
Fighting       | 4 5 6 7 8 9 11 13 14 15 16 17 18 | 18.6
Armour         | 4 5 6 7 8 9 10 11 12 13 14 15 16 | 16.0
Dodging        | 1 2 3 4 5 6 7 8 9 10 | 10.7
Throwing       | 2 3 4 5 6 7 8 9 10 | 10.0
Stealth        | 2 5 6 8 10 12 13 15 16 17 | 17.9
Short Blades   | 1 4 6 8 9 10 | 10.4
Long Blades    | 1 |  1.3
Evocations     | 4 6 7 8 9 |  9.8

Action                   |  1- 3 |  4- 6 |  7- 9 | 10-12 | 13-15 | 16-18 | 19-21 || total
-------------------------+-------+-------+-------+-------+-------+-------+-------++-------
Melee: War axe           |   100 |   313 |   278 |       |       |       |       ||   691
       Short sword       |       |       |    60 |   123 |       |       |       ||   183
       Quick blade       |       |       |       |   565 |  1612 |  2761 |  2242 ||  7180
       Scimitar          |       |       |       |     7 |       |       |       ||     7
       Dagger            |       |       |       |       |    38 |       |    35 ||    73
       Broad axe         |       |       |       |       |    32 |       |       ||    32
       Battleaxe         |       |       |       |       |       |       |    35 ||    35
       Rapier            |       |       |       |       |       |       |    40 ||    40
Throw: Boomerang         |       |       |    30 |    42 |    71 |    27 |    81 ||   251
       Dart              |       |       |     5 |    16 |     5 |       |       ||    26
       Javelin           |       |       |    10 |       |       |       |       ||    10
       Throwing net      |       |       |       |     1 |       |       |       ||     1
Invok: Potion Petition   |       |       |       |     1 |     3 |     7 |     2 ||    13
       Call Merchant     |       |       |       |       |     1 |       |     1 ||     2
 Abil: Dig               |     2 |     5 |     3 |     8 |    16 |    18 |    20 ||    72
  Use: Scroll            |       |       |    14 |     7 |    13 |    16 |     9 ||    59
       Potion            |       |       |     5 |     5 |     2 |     6 |     4 ||    22
 Stab: Sleeping          |       |       |       |    10 |    36 |    21 |    35 ||   102
       Distracted        |       |       |       |     1 |     8 |    12 |    17 ||    38
       Invisible         |       |       |       |       |     3 |     3 |       ||     6
Armor: Scale mail        |    43 |   139 |   116 |    88 |    93 |    58 |    52 ||   589
       Skin              |       |       |       |       |     7 |     3 |     8 ||    18
       Ring mail         |       |       |       |       |    40 |   228 |    64 ||   332
       Acid dragon scale |       |       |       |       |       |       |    27 ||    27
Dodge: Dodged            |    36 |   114 |   112 |   129 |   204 |   393 |   290 ||  1278
       Repelled          |       |       |       |     1 |     7 |    19 |    47 ||    74
Block: Kite shield       |    50 |   179 |   183 |   170 |   246 |       |       ||   828
       Tower shield      |       |       |       |       |   182 |  1295 |  1032 ||  2509
       Rpst.: Scimitar   |       |       |       |     1 |       |       |       ||     1
